 Dungeon Crawl Stone Soup version 0.16-a0-2363-g19e4ded (webtiles) character file.

375 Ratboiler the Cudgeler (level 6, -3/47 HPs)
             Began as a Mummy Fighter on Nov 17, 2014.
             Was an Initiate of Ashenzari.
             Slain by Prince Ribbit (10 damage)
             ... on level 5 of the Dungeon.
             The game lasted 00:16:02 (5848 turns).

Ratboiler the Cudgeler (Mummy Fighter)              Turns: 5848, Time: 00:16:02

Health: -3/47      AC:  6    Str: 19    XL:     6   Next: 44%
Magic:  6/6        EV:  6    Int: 10    God:    Ashenzari [......]
Gold:   185        SH:  9    Dex: 13    Spells: 0 memorised, 5 levels left

rFire  x . .     SeeInvis .     a - +2 flail
rCold  + . .     Clarity  .     p - +0 scale mail
rNeg   + + +     SustAb   .     c - +0 shield
rPois  +         Gourm    .     (no helmet)
rElec  .         Spirit   .     (no cloak)
rCorr  .         Warding  .     (no gloves)
rMut   .         Stasis   .     (no boots)
MR     .....                    (no amulet)
Stlth  ..........               (no ring)
                                d - +3 ring of intelligence

@: not resistant to hostile enchantments, extremely unstealthy
A: no food or potions, fire vulnerability, restore body, cold resistance 1,
negative energy resistance 3, poison resistance, torment resistance, unbreathing
a: Renounce Religion


You were on level 5 of the Dungeon.
You worshipped Ashenzari.
Ashenzari was noncommittal.
You were not hungry.

You visited 1 branch of the dungeon, and saw 5 of its levels.

You collected 185 gold pieces.

Inventory:

Hand weapons
 a - a +2 flail (weapon)
 b - a +0 hunting sling
Missiles
 f - 7 curare-tipped needles
 g - 17 bolts
 h - 38 arrows
 i - 10 arrows of frost
 o - 77 stones (quivered)
Armour
 c - a +0 shield (worn)
 e - a +0 ring mail
 p - a +0 scale mail (worn)
 r - a +0 large shield
Jewellery
 d - a +3 ring of intelligence (left hand)
 q - an uncursed amulet of clarity
Scrolls
 j - a scroll of recharging
 k - a scroll of enchant armour {unknown}
 m - a scroll of amnesia
 n - 2 scrolls of fog
Books
 s - Buoruran's Almanac of Shape Shifting
   (You found it on level 4 of the Dungeon)

   Spells                             Type                      Level
   Alistair's Intoxication            Transmutation/Poison         4
   Irradiate                          Conjuration/Transmutation    5
   Hydra Form                         Transmutation                6


   Skills:
 - Level 3.0 Fighting
 + Level 5.8 Maces & Flails
 - Level 2.4 Armour
 - Level 2.4 Shields


You had 5 spell levels left.
You didn't know any spells.

Dungeon Overview and Level Annotations

Branches:
Dungeon (5/15)
 Temple: D:4-7

Altars:
Ashenzari
Fedhas
Gozag
Vehumet
Xom
Zin

Annotations:
D:5 Prince Ribbit


Innate Abilities, Weirdness & Mutations

You do not eat or drink.
Your flesh is vulnerable to fire.
Your flesh is cold resistant.
You are immune to negative energy.
Your system is resistant to poisons.
You are immune to unholy pain and torment.
You can survive without breathing.


Message History

Press: ? - help, Shift-Dir - straight line, f - Prince Ribbit
Aim: Prince Ribbit (moderately wounded)
You shoot a stone.
Prince Ribbit momentarily phases out as the stone passes through him.
Prince Ribbit blinks!
Prince Ribbit hits you!
a - a +2 flail (weapon)
You block Prince Ribbit's attack.
You miss Prince Ribbit.
Prince Ribbit is moderately wounded.
Prince Ribbit hits you!
* * * LOW HITPOINT WARNING * * *
You completely miss Prince Ribbit.
Prince Ribbit is moderately wounded.
Prince Ribbit hits you but does no damage.
Prince Ribbit hits you!
* * * LOW HITPOINT WARNING * * *
You miss Prince Ribbit.
Prince Ribbit is moderately wounded.
Prince Ribbit hits you!
You die...

·····<·▒·▒▒▒▒▒▒▒▒▒▒▒▒▒▒▒·▒
▒▒▒▒▒▒▒▒·▒ ······▒ ▒·▒
▒▒▒▒▒▒▒ ▒·▒ ▒·▒ ▒·▒ ▒·▒
▒·▒▒▒▒▒▒▒▒▒▒▒▒▒
▒(·······@F···▒
▒▒▒▒▒▒▒▒▒▒▒▒▒·▒


You could see Prince Ribbit.

Vanquished Creatures
  2 crimson imps
  A hound (D:4)
  A centaur skeleton (D:4)
  An iguana (D:4)
  2 worker ants (D:4)
  A killer bee zombie (D:5)
  5 adders
  3 worms
  An adder skeleton (D:4)
  3 giant geckos
  4 orcs
  6 giant cockroaches
  14 goblins
  9 hobgoblins
  2 jackals (D:2)
  6 kobolds
  2 oozes
  3 quokkas (D:4)
  14 bats
  7 giant newts
  A jackal skeleton (D:4)
  10 rats
98 creatures vanquished.

Vanquished Creatures (others)
  Ijyb (D:5)
1 creature vanquished.

Grand Total: 99 creatures vanquished

Notes
Turn   | Place    | Note
--------------------------------------------------------------
     0 | D:1      | Ratboiler, the Mummy Fighter, began the quest for the Orb.
     0 | D:1      | Reached XP level 1. HP: 18/18 MP: 1/1
   258 | D:1      | Reached XP level 2. HP: 24/24 MP: 2/2
   814 | D:2      | Reached XP level 3. HP: 16/29 MP: 3/3
  1754 | D:2      | Found a radiant altar of Vehumet.
  1921 | D:2      | Reached XP level 4. HP: 30/35 MP: 4/4
  2307 | D:3      | Found a shimmering altar of Xom.
  2308 | D:3      | Found a shimmering altar of Xom.
  2308 | D:3      | Found a shimmering altar of Xom.
  2308 | D:3      | Found a shimmering altar of Xom.
  2308 | D:3      | Found a shimmering altar of Xom.
  2309 | D:3      | Found a shimmering altar of Xom.
  2331 | D:3      | Reached skill level 4 in Maces & Flails
  2631 | D:3      | Reached XP level 5. HP: 28/41 MP: 5/5
  4155 | D:4      | Reached skill level 5 in Maces & Flails
  4453 | D:4      | Reached XP level 6. HP: 13/47 MP: 6/6
  5147 | D:4      | Identified Buoruran's Almanac of Shape Shifting
  5156 | D:4      | Found a blossoming altar of Fedhas.
  5156 | D:4      | Found a glowing silver altar of Zin.
  5156 | D:4      | Found an opulent altar of Gozag.
  5162 | D:4      | Found a shattered altar of Ashenzari.
  5168 | D:4      | Became a worshipper of Ashenzari the Shackled
  5485 | D:4      | Got the cursed spear "Iqas" {speed, +Inv}
  5486 | D:4      | Identified the cursed +0 spear "Iqas" {speed, +Inv} (You took it off a kobold on level 4 of the Dungeon)
  5637 | D:5      | Entered Level 5 of the Dungeon
  5640 | D:5      | Killed Ijyb
  5820 | D:5      | Noticed Prince Ribbit
  5848 | D:5      | Slain by Prince Ribbit

Action                   |  1- 3 |  4- 6 || total
-------------------------+-------+-------++-------
Melee: Flail             |   158 |   248 ||   406
       Spear             |       |     5 ||     5
 Fire: Hunting sling     |       |     8 ||     8
Throw: Stone             |       |    13 ||    13
  Use: Scroll            |       |    10 ||    10
